 Dungeon Crawl Stone Soup version 0.29-a0-409-gd843f3a48c (webtiles) character file.

Game seed: 12600873157360355145

1346 YayAnonymity the Cleaver (level 8, 0/62 (70) HPs)
             Began as a Hill Orc Fighter on May 14, 2022.
             Was a Follower of the Shining One.
             Splashed by a jelly's acid (4 damage)
             ... on level 6 of the Dungeon.
             The game lasted 00:06:40 (5603 turns).

YayAnonymity the Cleaver (Hill Orc Fighter)         Turns: 5603, Time: 00:06:40

HP:   0/62 (70)     AC:  4    Str: 21    XL:     8   Next: 62%
MP:   11/11         EV:  7    Int:  8    God:    the Shining One [*.....]
Gold: 422           SH:  9    Dex: 10    Spells: 7/7 levels left

rFire   . . .      SeeInvis .   a - +1 war axe
rCold   . . .      Faith    .   c - +0 buckler
rNeg    . . .      Spirit   .   z - +0 chain mail
rPois   .          Reflect  +   o - +1 hat
rElec   .          Harm     .   k - +0 cloak
rCorr   .          Rampage  .   l - +0 pair of gloves
Will    .....                   (no boots)
Stlth   ..........              u - amulet of reflection
HPRegen 0.20/turn               (no ring)
MPRegen 0.12/turn               (no ring)

@: brilliant, corroded, glowing, heavily drained, invisible (but backlit and
visible)
A: no striking features
a: Renounce Religion, Divine Shield


You were on level 6 of the Dungeon.
You worshipped the Shining One.
The Shining One was aware of your devotion.
You visited 2 branches of the dungeon, and saw 7 of its levels.

You collected 422 gold pieces.

Inventory:

Hand Weapons
 a - a +1 war axe (weapon)
 b - the +7 falchion "Vipot" {antimagic, Will+ rCorr}
   (You found it on level 5 of the Dungeon)

   It reduces the magical energy of the wielder, and disrupts the spells and
   magical abilities of those it strikes.
   Natural abilities and divine invocations are not affected.
   rCorr:     It protects you from acid and corrosion.
   Will:      It increases your willpower.
Missiles
 v - 25 poisoned darts (quivered)
 y - a throwing net
Armour
 c - a +0 buckler (worn)
 k - a +0 cloak (worn)
 l - a +0 pair of gloves (worn)
 o - a +1 hat (worn)
 z - a +0 chain mail (worn)
Jewellery
 u - an amulet of reflection (around neck)
Wands
 h - a wand of polymorph (8)
Scrolls
 e - 3 scrolls of identify
 g - a scroll of fear
 m - a scroll of summoning
Potions
 d - 3 potions of might
 i - 2 potions of haste
 j - 8 potions of curing
 p - a potion of resistance
 r - a potion of lignification
 t - a potion of cancellation
 w - 3 potions of flight


   Skills:
 + Level 5.7 Fighting
 * Level 11.4 Axes
 - Level 3.2 Armour
 - Level 4.0 Shields
 + Level 4.5 Invocations


You had 7 spell levels left.
You didn't know any spells.
Your spell library contained the following spells:

 Spells                   Type           Power      Damage    Failure   Level
 Freeze                   Ice            0%         1d3       99%         1
 Scorch                   Fire           0%         2d5       100%        2
 Frozen Ramparts          Ice            0%         1d2       100%        3
 Flame Wave               Conj/Fire      0%         2d4       100%        4
 Hailstorm                Conj/Ice       0%         3d3       100%        4
 Summon Cactus Giant      Summ           0%         N/A       100%        6


Dungeon Overview and Level Annotations

Branches:
Dungeon (6/15)             Temple (1/1) D:4

Altars:
Ashenzari
Cheibriados
Dithmenos
Elyvilon
Fedhas
Gozag
Kikubaaqudgha
Makhleb
Nemelex Xobeh
Okawaru
Qazlal
Sif Muna
Trog
Uskayaw
Vehumet
Wu Jian
Xom
Yredelemnul
Zin
The Shining One

Shops:
D:2 [


Message History

You feel drained.
It was a potion of cancellation.
Your magical effects are unravelling.
You feel magically purged.
You are no longer corroded.
The wight completely misses you.
It was a potion of invisibility.
You become transparent, but the glow from your halo prevents you from becoming completely invisible.
The wight barely misses you. You block the jelly's attack.
The wight completely misses you.
It was a potion of brilliance.
You feel clever all of a sudden. The jelly barely misses you.
You block the wight's attack. x2
It was a potion of heal wounds.
You feel much better. The wight hits you but does no damage.
You block the wight's attack. The jelly hits you but does no damage.
You hit the jelly.
Your hands burn!
The jelly is heavily wounded.
You slash the wight! The wight closely misses you.
You block the wight's attack. The jelly hits you. The acid corrodes you!
You are splashed with acid!
* * * LOW HITPOINT WARNING * * *
You hit the jelly.
Your hands burn!
* * * LOW HITPOINT WARNING * * *
The jelly is severely wounded.
You slash the wight!
You destroy the wight!
The Shining One accepts your kill.
You feel better.
The wight hits you from afar with a +1 trident.
* * * LOW HITPOINT WARNING * * *
You feel drained.
* * * LOW HITPOINT WARNING * * *
The jelly hits you but does no damage.
You hit the jelly. The acid corrodes you!
Your hands burn!
* * * LOW HITPOINT WARNING * * *
The jelly is severely wounded.
The jelly hits you but does no damage. You block the wight's attack.
You hit the jelly but do no damage. The acid corrodes you!
Your hands burn!
You die...

....#.................
#.....#......##...##.... .
#............##)..##....
..#.....#.......#.........
.......#.......#.........
#.)...#.......#.........
###.....#....####...####+#
.......z#....# #...# .
.......zJ@...# ..... .
........#)...#
........#....+
........###### #########


You could see a jelly and 2 wights.

Vanquished Creatures
  Maggie (D:6)
  A phantom (D:6)
  A bullfrog (D:6)
  2 necrophages (D:6)
  A scorpion (D:4)
  A wight (D:6)
  A jelly (D:5)
  6 hounds
  3 orc priests
  A gnoll shaman (D:5)
  Jessica (D:2)
  4 iguanas
  8 gnolls
  6 adders
  2 ufetubi
  A worm (D:4)
  A dart slug (D:2)
  13 orcs
  2 endoplasms
  2 giant cockroaches
  3 goblins
  3 hobgoblins
  4 jackals (D:4)
  6 kobolds
  2 quokkas
  6 ball pythons
  3 bats (D:2)
  3 frilled lizards
  11 rats
99 creatures vanquished.

Notes
Turn   | Place    | Note
-------+----------+-------------------------------------------
     0 | D:1      | YayAnonymity the Hill Orc Fighter began the quest for the
                  | Orb.
     0 | D:1      | Reached XP level 1. HP: 19/19 MP: 1/1
   125 | D:1      | Reached skill level 3 in Axes
   403 | D:1      | Reached XP level 2. HP: 22/26 MP: 2/2
   833 | D:1      | Reached skill level 4 in Axes
   940 | D:2      | Reached XP level 3. HP: 27/31 MP: 3/3
  1150 | D:2      | Reached skill level 5 in Axes
  1150 | D:2      | Reached XP level 4. HP: 34/39 MP: 4/4
  1426 | D:2      | Noticed Jessica
  1435 | D:2      | Killed Jessica
  1569 | D:2      | You fall into a shaft and drop 2 floors!
  1651 | D:4      | Reached skill level 6 in Axes
  1721 | D:4      | Reached XP level 5. HP: 34/45 MP: 5/5
  1922 | D:2      | Found Xeit's Antique Armour Boutique.
  2351 | D:3      | Found a stormy altar of Qazlal.
  2365 | D:3      | Found a snail-covered altar of Cheibriados.
  2449 | D:3      | Reached skill level 7 in Axes
  2699 | D:3      | Reached XP level 6. HP: 51/51 MP: 6/6
  2714 | D:3      | Reached skill level 8 in Axes
  3274 | D:4      | Reached skill level 9 in Axes
  3434 | D:4      | Found a staircase to the Ecumenical Temple.
  3461 | Temple   | Entered the Ecumenical Temple
  3579 | Temple   | Became a worshipper of the Shining One
  4042 | D:4      | Reached XP level 7. HP: 42/57 MP: 7/7
  4262 | D:5      | Entered Level 5 of the Dungeon
  4566 | D:5      | Reached skill level 1 in Invocations
  5042 | D:6      | Reached skill level 10 in Axes
  5134 | D:6      | Reached XP level 8. HP: 65/67 MP: 8/10
  5205 | D:6      | Reached * piety under the Shining One
  5269 | D:6      | Reached skill level 5 in Fighting
  5321 | D:5      | Identified the +7 falchion "Vipot" {antimagic, Will+ rCorr}
  5366 | D:6      | Noticed Maggie
  5382 | D:6      | Killed Maggie
  5383 | D:6      | Reached skill level 11 in Axes
  5594 | D:6      | HP: 3/61 [wight/+0 battleaxe (1)]
  5595 | D:6      | HP: 1/61 [wight/+0 battleaxe (2)]
  5603 | D:6      | Splashed by a jelly's acid

Illustrated notes

Levels and vault maps discovered:
D:1:      dpeg_arrival_ratfight, layout_basic, serial_bayou_pond_d,
          nicolae_grassy_gnolls
D:2:      layout_basic, serial_shops, nicolae_shop_overgrown_old_shop,
          uniq_jessica
D:3:      layout_basic, mainiacjoe_overflow_swirl, cheibrodos_gnoll_hut
D:4:      layout_basic, temple_green
D:5:      layout_basic, kennysheep_cluttered_room
D:6:      layout_gridville, lemuel_tele_altar, uniq_maggie, uniq_menkaure
Temple:   dpeg_five_rooms_temple

Skill      XL: |  1  2  3  4  5  6  7  8 |
---------------+-------------------------+-----
Axes           | 3 4 5 6 7 9 10 11 | 11.4
Shields        | 4 |  4.0
Invocations    | 3 4 |  4.5
Fighting       | 4 5 |  5.7
Armour         | |  3.2

Action                   |  1- 3 |  4- 6 |  7- 9 || total
-------------------------+-------+-------+-------++-------
Melee: War axe           |    49 |   160 |    86 ||   295
       Falchion          |       |       |    13 ||    13
Throw: Dart              |       |     2 |       ||     2
  Use: Scroll            |       |    11 |     1 ||    12
       Potion            |       |       |     4 ||     4
Armor: Scale mail        |    25 |    50 |       ||    75
       Chain mail        |       |    37 |    35 ||    72
Dodge: Dodged            |    19 |    49 |    34 ||   102
Block: Buckler           |     8 |    75 |    46 ||   129

Table legend: (Time is in decaauts)
 A = Elapsed time spent in this place.
 B = Non-inter-level travel time spent in this place.
 C = Inter-level travel time spent in this place.
 D = Time resting spent in this place.
 E = Time spent auto-exploring this place.
 F = Levels seen in this place.
 G = Mean time per level.
                   A        B        C        D        E       F      G
               +--------+--------+--------+--------+--------+-----+--------+
         Total |   5663 |   5332 |    331 |    213 |   4283 |   7 |  809.0 |
       Dungeon |   5394 |   5093 |    301 |    213 |   4064 |   6 |  899.0 |
        Temple |    268 |    238 |     30 |      0 |    219 |   1 |  268.0 |
               +--------+--------+--------+--------+--------+-----+--------+

Top non-repeatable levels by time:
     D:4: 1234 daAuts
     D:2: 951 daAuts
     D:3: 930 daAuts
     D:1: 926 daAuts
     D:5: 923 daAuts
     D:6: 427 daAuts
  Temple: 268 daAuts
